 Dungeon Crawl Stone Soup version 0.30-a0-1075-gcd70e7a56d (webtiles) character file.

Game seed: 7004079481633823929

456 Maxmaps the Covered (level 6, -2/43 (47) HPs)
             Began as a Demonspawn Monk on Apr 15, 2023.
             Slain by a wight
             ... wielding a +4 dire flail
              (9 damage)
             ... on level 5 of the Dungeon.
             The game lasted 00:03:09 (3241 turns).

Maxmaps the Covered (Demonspawn Monk)               Turns: 3241, Time: 00:03:09

HP:   -2/43 (47)    AC: 12    Str: 11    XL:     6   Next: 77%
MP:   6/6           EV:  7    Int: 13    God:
Gold: 199           SH:  0    Dex: 16    Spells: 5/5 levels left

rFire   . . .      SeeInvis .    g - +1 dagger (elec)
rCold   . . .      Faith    .    c - orb {light}
rNeg    . . .      Spirit   .    p - +0 chain mail
rPois   .          Reflect  .    e - +1 helmet
rElec   .          Rampage  .    (no cloak)
rCorr   .                        (no gloves)
Will    +....                    (no boots) Stlth
                                 q - amulet of the acrobat
HPRegen 0.27/turn                i - ring of willpower
MPRegen 0.10/turn                (no ring)

@: glowing, drained
A: claws 2, spiny 1
a: no special abilities


You were on level 5 of the Dungeon.
You visited 1 branch of the dungeon, and saw 5 of its levels.

You collected 241 gold pieces.
You spent 42 gold pieces at shops.

Inventory:

Hand Weapons
 g - a +1 dagger of electrocution (weapon)
Armour
 c - an orb of light (worn)
 e - a +1 helmet (worn)
 p - a +0 chain mail (worn)
Jewellery
 i - a ring of willpower (left claw)
 j - a ring of fire
 k - a ring of willpower
 q - an amulet of the acrobat (around neck)
 w - the ring "Ygoth" {AC+4 Dex+5}
   (You found it on level 5 of the Dungeon)

   [ring of protection]

   AC:        It affects your AC (+4).
   Dex:       It affects your dexterity (+5).
Scrolls
 a - a scroll of acquirement {unknown}
 f - 2 scrolls of noise {unknown}
 h - 5 scrolls of enchant armour {unknown}
 l - 2 scrolls of identify {unknown}
 m - 2 scrolls of immolation {unknown}
 o - 3 scrolls of amnesia {unknown}
 u - a scroll of enchant weapon {unknown}
Potions
 b - a potion of ambrosia
 d - a potion of invisibility {unknown}
 n - 2 potions of curing
 r - a potion of lignification {unknown}
 s - a potion of might {unknown}
 t - a potion of haste {unknown}
 v - 2 potions of heal wounds {unknown}


   Skills:
 - Level 3.0 Fighting
 - Level 5.0 Armour
 - Level 3.0 Dodging
 - Level 1.7 Stealth
 + Level 4.4 Unarmed Combat


You had 5 spell levels left.
You didn't know any spells.
Your spell library contained the following spells:

 Spells                   Type           Power      Damage    Failure   Level
 Necrotise                Necr           0%         1d4       100%        1
 Sublimation of Blood     Necr           0%         N/A       100%        2
 Call Canine Familiar     Summ           0%         N/A       100%        3
 Ozocubu's Armour         Ice            0%         N/A       100%        3
 Portal Projectile        Hex/Tloc       0%         N/A       100%        3
 Vampiric Draining        Necr           0%         2d6       100%        3
 Vhi's Electric Charge    Tloc/Air       0%         N/A       100%        3
 Leda's Liquefaction      Hex/Erth       0%         N/A       100%        4
 Passage of Golubria      Tloc           0%         N/A       100%        4
 Petrify                  Tmut/Erth      0%         N/A       100%        4
 Agony                    Necr           0%         N/A       100%        5
 Arcjolt                  Conj/Air       0%         1d10      100%        5
 Irradiate                Conj/Tmut      0%         3d11      100%        5
 Silence                  Hex/Air        0%         N/A       100%        5
 Ozocubu's Refrigeration  Ice            0%         4d7       100%        7
 Lehudib's Crystal Spear  Conj/Erth      0%         10d2      100%        8
 Maxwell's Capacitive Co  Air            0%         ∞         100%        8


Dungeon Overview and Level Annotations

Branches:
Dungeon (5/15)
 Temple: D:4-7

Altars:
Vehumet

Shops:
D:2 !


Innate Abilities, Weirdness & Mutations

You have very sharp fingernails.
You are partially covered in sharp spines.


Message History

There are monsters nearby!
There are monsters nearby!
The wight is struck by your spines. The wight misses you.
There are monsters nearby!
You hit the wight.
The wight is heavily damaged.
The wight closely misses you.
You hit the wight but do no damage. Lightning courses through the wight!
You destroy the wight!
A wight comes into view. It is wielding a +4 hand axe.
The wight hits you with a +0 great sword.
You feel drained.
Your life force feels restored.
You hit the wight but do no damage. The wight hits you but does no damage.
You barely miss the wight. The wight barely misses you.
The wight is struck by your spines. The wight hits you but does no damage.
You hit the wight but do no damage.
The wight is lightly damaged.
The wight closely misses you. x2
You hit the wight. Lightning courses through the wight!
The wight is almost destroyed.
The wight hits you with a +0 great sword.
You feel drained.
The wight hits you with a +4 dire flail!
You barely miss the wight.
The wight is almost destroyed.
The wight hits you with a +0 great sword.
You feel drained.
The wight hits you with a +4 dire flail.
You are too injured to fight recklessly!
You are too injured to fight recklessly!
You hit the wight but do no damage.
The wight is almost destroyed.
The wight is struck by your spines.
The wight hits you with a +0 great sword!
* * * LOW HITPOINT WARNING * * *
You feel drained.
* * * LOW HITPOINT WARNING * * *
The wight hits you with a +4 dire flail!
You die...

#.###### ........##
#.#....# .........#
#.#.##.#
.........###.#..#.#
...........#.##.#.#
...........#....#.#
...........######.#
......z)z..#......#
......z@..##.######
.........>##.#....#
##....#..###.#.##.#
#####...# #.#..#.#
##..## #.##.#.#
##...# #....#.#
#...## ######.#
#####...# #......#
##......## #.######


You could see 3 wights.

Vanquished Creatures
  Eustachio (D:4)
  A black bear (D:4)
  A wight (D:5)
  A jelly (D:4)
  A sleepcap (D:4)
  5 adders
  A dart slug (D:1)
  9 orcs
  4 endoplasms
  7 giant cockroaches
  8 goblins
  4 hobgoblins
  2 jackals (D:1)
  8 kobolds
  2 quokkas
  10 ball pythons
  4 bats
  3 frilled lizards (D:2)
  3 rats
75 creatures vanquished.

Notes
Turn   | Place    | Note
-------+----------+-------------------------------------------
     0 | D:1      | Maxmaps the Demonspawn Monk began the quest for the Orb.
     0 | D:1      | Reached XP level 1. HP: 18/18 MP: 1/1
   241 | D:1      | Gained mutation: You are partially covered in sharp spines.
                  | [demonic ancestry]
   241 | D:1      | Reached XP level 2. HP: 24/24 MP: 2/2
   455 | D:1      | Reached skill level 1 in Armour
   692 | D:1      | Reached XP level 3. HP: 29/29 MP: 3/3
  1056 | D:2      | Found a faded altar of an unknown god.
  1180 | D:2      | Reached skill level 2 in Armour
  1251 | D:2      | Found Avun Otse's Distillery.
  1255 | D:2      | Bought a potion of curing for 42 gold pieces
  1842 | D:3      | Found a radiant altar of Vehumet.
  1968 | D:3      | Gained mutation: You have sharp fingernails. [demonic
                  | ancestry]
  1968 | D:3      | Reached XP level 4. HP: 35/35 MP: 4/4
  2008 | D:3      | Reached skill level 3 in Armour
  2387 | D:4      | Noticed Eustachio
  2398 | D:4      | Reached XP level 5. HP: 39/41 MP: 5/5
  2410 | D:4      | Killed Eustachio
  2411 | D:4      | Reached skill level 5 in Armour
  2411 | D:4      | Gained mutation: You have very sharp fingernails. [demonic
                  | ancestry]
  2411 | D:4      | Reached XP level 6. HP: 28/47 MP: 6/6
  3105 | D:5      | Entered Level 5 of the Dungeon
  3108 | D:5      | Identified the ring "Ygoth" {AC+4 Dex+5}
  3241 | D:5      | Slain by a wight

Illustrated notes

Levels and vault maps discovered:
D:1:      saegor_arrival_fortress, layout_basic, serial_corexii_hall,
          chequers_hall_statues_wall_a, corexii_hall_statues_u,
          corexii_hall_statues_i, corexii_hall_statues_t,
          corexii_hall_statues_i, corexii_hall_statues_t,
          grunt_decor_mini_mirrors
D:2:      layout_loops_ring, serial_shops, shop,
          hellmonk_ecumenical_altar_run_dry
D:3:      layout_rooms, mainiacjoe_overflow_concentric_impassable,
          mainiacjoe_overflow_24_doors, mainiacjoe_overflow_boulevard,
          minivault_25
D:4:      layout_basic, serial_curves, eino_curves_03, eino_curves_02,
          uniq_eustachio
D:5:      layout_cave_pods, patterned_corridor, uniq_menkaure

Skill      XL: |  1  2  3  4  5  6 |
---------------+-------------------+-----
Unarmed Combat | 3 4 |  4.4
Dodging        | 3 |  3.0
Armour         | 1 2 3 5 |  5.0
Fighting       | |  3.0
Stealth        | |  1.7

Action                     |  1- 3 |  4- 6 || total
---------------------------+-------+-------++-------
  Melee: Unarmed           |    33 |       ||    33
         Dagger            |    49 |    66 ||   115
   Stab: Sleeping          |     3 |       ||     3
 Armour: Robe              |    15 |       ||    15
         Chain mail        |     9 |    28 ||    37
  Dodge: Dodged            |    36 |    28 ||    64

Table legend: (Time is in decaauts)
 A = Elapsed time spent in this place.
 B = Non-inter-level travel time spent in this place.
 C = Inter-level travel time spent in this place.
 D = Time resting spent in this place.
 E = Time spent auto-exploring this place.
 F = Levels seen in this place.
 G = Mean time per level.
                   A        B        C        D        E       F      G
               +--------+--------+--------+--------+--------+-----+--------+
         Total |   3237 |   3104 |    133 |     59 |   2546 |   5 |  647.4 |
       Dungeon |   3237 |   3104 |    133 |     59 |   2546 |   5 |  647.4 |
               +--------+--------+--------+--------+--------+-----+--------+

Top non-repeatable levels by time:
     D:1: 970 daAuts
     D:4: 836 daAuts
     D:2: 813 daAuts
     D:3: 480 daAuts
     D:5: 135 daAuts
